Map: Kairos Junction LE

Players

nutguud - Winner!

  • Race: Zerg Zerg
  • League: Gold
  • Spawn Location: 5:00

rOcOr

  • Race: Zerg Zerg
  • Spawn Location: 11:00

VOD

Have the link to the VOD?

Description

Time

  • Played on: Feb. 2, 2019, 3:06 p.m.
  • Length: 15:47
Show
View Real Time Build Order
Export as new Build Order

nutguud Zerg - Winner!

Build Orders: Pool First 

Get SALT Encoding   

  12  0:01  Drone  
  13  0:09  Drone  
  14  0:21  Overlord  
  14  0:34  Spawning Pool  
  13  0:37  Drone  
  13  0:42  Drone  
  15  0:45  Drone  
  15  0:49  Drone  
  17  1:11  Hatchery  
  17  1:17  Drone x2  
  19  1:25  Zergling x2  
  19  1:30  Queen  
  21  1:34  Zergling x2  
  22  1:42  Overlord  
  22  1:57  Extractor  
  22  1:59  Drone  
  22  2:00  Roach Warren  
  21  2:06  Zergling x2  
  22  2:19  Drone  
  23  2:26  Queen  
  24  2:35  Zergling x6  
  24  2:36  Drone  
  28  2:47  Queen  
  28  2:51  Roach x2  
  33  3:01  Overlord  
  33  3:02  Overlord  
  33  3:09  Roach  
  37  3:20  Roach x2  
  37  3:23  Drone x2  
  41  3:28  Drone  
  41  3:45  Roach x3  
  47  3:51  Roach  
  47  3:52  Drone  
  50  3:58  Drone x2  
  49  4:15  Roach  
  51  4:21  Drone  
  52  4:30  Overlord x2  
  52  4:37  Extractor, Lair  
  45  4:56  Roach  
  45  4:57  Roach  
  45  4:58  Hatchery  
  40  5:07  Roach  
  40  5:11  Zergling x10  
  40  5:12  Zergling x8  
  51  5:20  Roach  
  51  5:21  Roach  
  53  5:39  Roach x2  
  53  5:40  Roach x2  
  61  5:44  Drone x3  
  57  5:57  Roach x2  
  57  5:58  Roach  
  61  6:04  Drone  
  62  6:19  Drone x4  
  62  6:21  Drone  
  62  6:24  Extractor  
  66  6:26  Extractor  
  65  6:35  Drone x5  
  65  6:37  Overlord  
  65  6:39  Queen  
  72  6:58  Drone  
  72  6:59  Drone x5  
  72  7:01  Drone x4  
  82  7:15  Overlord  
  82  7:16  Overlord x2  
  82  7:53  Spire  
  82  7:55  Drone x4  
  82  7:56  Drone x4  
  89  8:06  Roach x7  
  89  8:09  Queen  
  105  8:14  Drone  
  106  8:22  Spore Crawler  
  106  8:23  Queen  
  106  8:24  Spore Crawler  
  106  8:26  Spore Crawler  
  105  8:29  Glial Reconstitution  
  105  8:30  Overlord x3  
  103  9:05  Mutalisk x7  
  103  9:06  Mutalisk x5  
  83  9:20  Extractor  
  83  9:22  Extractor  
  71  9:52  Roach x3  
  85  9:53  Roach x5  
  82  10:09  Hatchery  
  79  10:25  Roach x6  
  69  10:59  Roach x4  
  69  11:00  Roach  
  73  11:21  Spawning Pool  
  68  11:44  Roach x9  
  86  12:10  Zergling x2  
  86  12:11  Zergling x10  
  80  12:35  Zergling x2  
  80  12:36  Zergling x10  
  70  12:46  Drone x2  
  70  12:47  Drone  
  59  12:59  Hatchery  
  56  13:18  Zergling x2  
  56  13:19  Zergling x16  
  65  13:35  Hatchery  
  57  14:16  Drone x2  
  57  14:17  Drone  
  60  14:20  Drone  
  61  14:46  Drone x5  
Show
View Real Time Build Order
Export as new Build Order

rOcOr Zerg 

Build Orders: Hatch First 

Get SALT Encoding   

  12  0:02  Drone  
  13  0:12  Overlord  
  13  0:28  Drone  
  14  0:34  Drone x2  
  16  0:40  Drone  
  17  0:56  Hatchery  
  16  0:58  Drone  
  16  1:01  Drone  
  18  1:19  Spawning Pool  
  18  1:25  Extractor, Drone x2  
  18  1:33  Drone  
  19  1:44  Drone  
  20  2:02  Drone  
  20  2:08  Zergling x2  
  22  2:09  Queen  
  22  2:10  Drone  
  22  2:14  Queen  
  27  2:17  Zergling x2  
  28  2:34  Overlord  
  27  2:51  Roach Warren  
  27  2:52  Extractor  
  24  3:08  Zergling x6  
  24  3:09  Zergling x2  
  24  3:10  Zergling x4  
  30  3:19  Queen  
  32  3:22  Overlord  
  32  3:46  Roach x2  
  32  3:47  Overlord x2  
  36  3:57  Overlord  
  36  4:06  Roach  
  36  4:14  Roach x5  
  45  4:18  Roach  
  47  4:30  Queen  
  47  4:31  Queen  
  49  4:57  Roach x5  
  49  4:59  Roach  
  59  5:02  Overlord x2  
  59  5:31  Extractor  
  44  6:06  Roach x6  
  44  6:07  Roach x2  
  44  6:08  Roach x3  
  66  6:19  Drone  
  66  6:20  Drone x3  
  66  6:21  Drone  
  71  6:30  Lair  
  71  6:39  Drone x3  
  74  6:48  Overlord  
  74  7:06  Drone x4  
  74  7:08  Drone x3  
  81  7:23  Extractor  
  80  7:30  Nydus Network  
  81  7:37  Roach x2  
  81  7:38  Overlord x2  
  81  7:41  Overlord  
  83  8:03  Roach  
  83  8:04  Roach x3  
  83  8:05  Roach x2  
  95  8:06  Roach  
  97  8:19  Roach  
  101  8:20  Roach  
  101  8:21  Roach x2  
  105  8:30  Nydus Canal  
  105  8:36  Roach  
  105  8:37  Overlord  
  105  8:38  Overlord  
  107  8:51  Overlord x3  
  93  9:10  Roach x2  
  93  9:11  Roach x4  
  97  9:24  Roach x2  
  97  9:26  Roach x2  
  89  10:06  Spire  
  74  10:08  Spore Crawler  
  74  10:09  Spore Crawler  
  74  10:10  Spore Crawler x3  
  74  10:11  Spore Crawler  
  74  10:13  Spore Crawler x3  
  47  10:29  Queen  
  47  10:42  Spore Crawler  
  44  10:43  Spore Crawler  
  44  10:44  Spore Crawler  
  39  11:04  Drone x3  
  42  11:05  Queen  
  42  11:06  Roach x2  
  44  11:23  Roach x3  
  48  11:39  Roach x2  
  54  11:40  Roach  
  54  12:09  Roach x2  
  54  12:11  Roach x3  
  64  12:19  Roach x2  
  66  12:26  Roach  
  29  13:55  Spore Crawler  
Tags
 
Add a new tag
Caveats
  • Supply blocks, unpowered buildings, or Contaminate may cause inaccurate times.
  • Supply counts are checked every 10 seconds.